AoeStats
← bone app the teeth

MegaRandom

508785681Analyzed
2v2 RM · 8d ago on Sep 24, 2026· 29m 56s· 4 players
Game mode
Random Map
Map size
Medium (4 player)
Population
200
Speed
Normal
Resources
Standard
Victory
Conquest
Starting age
Dark Age
Ending age
Imperial Age
RankedLock teamsTeams togetherTeam positionsShared explorationLock speedFull tech treeHidden civsTurbo modeCheats
Victory
Defeat
🇺🇸 Chinese · United States
1013
+18
🇺🇸 Khitans · United States
1011
+18
🇲🇽 Huns · Mexico
1090
-19
🇲🇽 Britons · Mexico
1026
-17
Aluerad
5:48 Loom
10:32 Feudal Age
11:09 Double-Bit Axe
12:30 Domestication
19:17 Castle Age
18:49 Scale Barding Armor
18:55 Forging
21:36 Husbandry
22:44 Iron Casting
25:34 Bow Saw
25:27 Pastoralism
26:12 Wheelbarrow
27:45 Gold Mining
29:01 Chain Barding Armor
bone app the teeth
0:27 Loom
11:09 Feudal Age
11:48 Double-Bit Axe
12:05 Horse Collar
15:27 Castle Age
14:27 Fletching
15:03 Padded Archer Armor
15:07 Scale Mail Armor
16:06 Stone Mining
19:08 Gold Mining
25:02 Leather Archer Armor
26:08 Wheelbarrow
26:13 Bodkin Arrow
27:05 Bow Saw
27:48 Thumb Ring
30:31 Scale Mail Armor
Carbage
6:41 Loom
10:49 Feudal Age
14:36 Double-Bit Axe
19:46 Bloodlines
22:37 Castle Age
27:33 Husbandry
28:21 Bow Saw
29:00 Padded Archer Armor
28:50 Fletching
nsr
3:06 Loom
13:17 Feudal Age
14:37 Double-Bit Axe
15:35 Wheelbarrow
17:27 Horse Collar
22:31 Castle Age
20:55 Fletching
22:08 Padded Archer Armor
22:40 Stone Mining
22:53 Crossbowman
27:45 Hand Cart
Connection lost

Rejoining the realm…

Still unreachable

The connection could not be restored.

Session expired

The server has moved on; the page needs a fresh start.